 Dungeon Crawl Stone Soup version 0.21-a0-509-gecc5317 (webtiles) character file.

1972 Laiders the Martial Artist (level 9, -4/64 HPs)
             Began as a Black Draconian Transmuter on Dec 1, 2017.
             Was a Follower of Okawaru.
             Slain by a gnoll
             ... wielding a +0 spear
              (6 damage)
             ... on level 6 of the Dungeon.
             The game lasted 00:15:05 (6309 turns).

Laiders the Martial Artist (DrTm)                   Turns: 6309, Time: 00:15:06

Health: -4/64      AC:  2    Str: 12    XL:     9   Next: 0%
Magic:  11/15      EV: 19    Int: 16    God:    Okawaru [*.....]
Gold:   238        SH:  0    Dex: 18    Spells: 7/16 levels left

rFire    . . .     SeeInvis .     - Unarmed
rCold    . . .     Gourm    .   (shield currently unavailable)
rNeg     . . .     Faith    .   (armour unavailable)
rPois    x         Spirit   .   (helmet currently unavailable)
rElec    .         Reflect  .   (cloak currently unavailable)
rCorr    +         Harm     .   (gloves currently unavailable)
MR       .....                  (boots currently unavailable)
Stlth    ++........             (no amulet)
HPRegen  0.20/turn              r - ring of resist corrosion
MPRegen  0.14/turn              (no ring)

@: spider-form
A: tiny, (breathe lightning), unfitting armour, AC +7
a: End Transformation, Heroism, Renounce Religion


You were on level 6 of the Dungeon.
You worshipped Okawaru.
Okawaru was aware of your devotion.
You were hungry.
You were a venomous arachnid creature.
You visited 2 branches of the dungeon, and saw 7 of its levels.

You collected 238 gold pieces.

Inventory:

Missiles
 a - 105 arrows
Armour
 l - a +2 cloak (melded)
Jewellery
 m - a +2 ring of slaying {unknown}
 r - a ring of resist corrosion (left front leg)
Wands
 t - a wand of disintegration (4)
 y - a wand of acid (9)
Scrolls
 j - a scroll of noise
 n - 2 scrolls of blinking
 o - a scroll of remove curse
 q - a scroll of enchant weapon
 v - a scroll of teleportation {unknown}
 w - a scroll of amnesia
 x - a scroll of immolation {unknown}
 B - a scroll of summoning {unknown}
Potions
 e - a potion of brilliance {unknown}
 i - 2 potions of flight {unknown}
 p - a potion of lignification {unknown}
 s - a potion of invisibility
 z - 2 potions of agility
Books
 b - a book of Changes

   Spells                             Type                      Level
   a - Beastly Appendage              Transmutation                1
   b - Sticks to Snakes               Transmutation                2
   c - Spider Form                    Transmutation/Poison         3
   d - Ice Form                       Ice/Transmutation            4
   e - Blade Hands                    Transmutation                5
Comestibles
 c - 4 bread rations
 d - 4 meat rations
 f - 2 royal jellies
 h - 4 fruits
 u - 10 chunks of flesh


   Skills:
 - Level 1.1 Fighting
 - Level 1.7 Dodging
 + Level 8.1 Unarmed Combat
 + Level 4.0 Spellcasting
 + Level 7.0 Transmutations
 - Level 2.0 Ice Magic
 - Level 2.0 Poison Magic
 + Level 2.0 Invocations
 + Level 1.7 Evocations


You had 7 spell levels left.
You knew the following spells:

 Your Spells              Type           Power        Failure   Level  Hunger
b - Sticks to Snakes      Tmut           ####....     6%          2    ##.....
c - Spider Form           Tmut/Pois      ###.......   21%         3    ###....
d - Ice Form              Ice/Tmut       ###.....     47%         4    ####...


Dungeon Overview and Level Annotations

Branches:
Dungeon (6/15)             Temple (1/1) D:5

Altars:
Ashenzari
Gozag
Kikubaaqudgha
Nemelex Xobeh
Okawaru
Qazlal
Ru
Sif Muna
Uskayaw
Xom
Yredelemnul
Zin
The Shining One

Shops:
D:5 *


Innate Abilities, Weirdness & Mutations

((You can breathe wild blasts of lightning.))
((Your glossy black scales are hard. (AC +7)))
You cannot fit into any form of body armour.
((You are resistant to electric shocks. (rElec)))
((You are cold-blooded and may be slowed by cold attacks.))


Message History

* * * LOW HITPOINT WARNING * * *
Things that are here:
2 stones; a killer bee corpse The gnoll throws a stone.
The stone barely misses you.
The gnoll throws a stone.
The stone closely misses you.
You see here a killer bee corpse.
Items here: ( )))) [[[ ÷÷ The gnoll completely misses you.
You see here a spear.
You bite the gnoll!
The gnoll is poisoned.
The gnoll is heavily wounded.
The gnoll hits you with a spear!
* * * LOW HITPOINT WARNING * * *
You hit the gnoll but do no damage.
The gnoll is severely wounded.
The gnoll barely misses you.
You hit the gnoll but do no damage.
The gnoll looks as sick as possible!
The gnoll is severely wounded.
The gnoll hits you with a spear.
You die...

....
##########.....
..g......'.....
#(## #..# ##.#
#.## #.g# ##s#
#(# #†## #.(#
### ##(## #.#
#(†#
###.#####.#
#.........##
#.######...#


You could see a gnoll.

Vanquished Creatures
  Pikel (D:4)
  Sigmund (D:2)
  Edmund (D:4)
  An orc warrior (D:6)
  An ogre (D:4)
  A slave (D:4)
  A centaur (D:5)
  A bullfrog (D:6)
  A scorpion (D:5)
  6 killer bees (D:6)
  Crazy Yiuf (D:2)
  A centaur zombie (D:5)
  A hound (D:5)
  A jelly (D:5)
  4 orc wizards
  Ijyb (D:4)
  2 worker ants
  A hound skeleton (D:5)
  A howler monkey skeleton (D:3)
  6 adders
  9 gnolls
  An ooze (D:2)
  An adder skeleton (D:5)
  2 worms
  2 dart slugs
  A leopard gecko (D:1)
  15 orcs
  8 giant cockroaches
  8 goblins
  4 hobgoblins
  9 jackals
  2 quokkas
  2 ball pythons (D:1)
  6 bats
  5 frilled lizards
  4 kobolds
  10 rats
123 creatures vanquished.

Vanquished Creatures (collateral kills)
  3 gnolls (D:2)
3 creatures vanquished.

Vanquished Creatures (others)
  A leopard gecko (D:2)
  A giant cockroach (D:4)
2 creatures vanquished.

Grand Total: 128 creatures vanquished

Notes
Turn   | Place    | Note
-------+----------+-------------------------------------------
     0 | D:1      | Laiders the Draconian Transmuter began the quest for the Orb.
     0 | D:1      | Reached XP level 1. HP: 16/16 MP: 3/3
   162 | D:1      | Reached XP level 2. HP: 14/23 MP: 5/5
   828 | D:2      | Reached XP level 3. HP: 28/28 MP: 6/6
  1056 | D:1      | Learned a level 2 spell: Sticks to Snakes
  1060 | D:1      | Learned a level 3 spell: Spider Form
  1112 | D:2      | Noticed Sigmund
  1383 | D:2      | Reached skill level 4 in Unarmed Combat
  1633 | D:2      | Killed Sigmund
  1633 | D:2      | Reached skill level 5 in Unarmed Combat
  1633 | D:2      | Reached XP level 4. HP: 25/35 MP: 2/7
  1633 | D:2      | Reached XP level 5. HP: 28/40 MP: 2/8
  1739 | D:2      | Found a sacrificial altar of Ru.
  1817 | D:2      | Found a runed door.
  1951 | D:2      | Reached XP level 6. HP: 16/47 MP: 3/9
  2343 | D:2      | Noticed Crazy Yiuf
  2350 | D:2      | Killed Crazy Yiuf
  3106 | D:3      | Reached skill level 5 in Transmutations
  3622 | D:4      | Noticed Pikel
  3622 | D:4      | Noticed a slave
  3622 | D:4      | Noticed a slave
  3622 | D:4      | Noticed a slave
  3624 | D:4      | Noticed a slave
  3629 | D:4      | Killed a slave
  3636 | D:4      | Killed Pikel
  3636 | D:4      | Reached skill level 7 in Unarmed Combat
  3636 | D:4      | Your scales start taking on a glossy black colour.
  3636 | D:4      | Reached XP level 7. HP: 28/52 MP: 7/10
  3636 | D:4      | Gained mutation: You are resistant to electric shocks. (rElec) [Black Draconian growth]
  3778 | D:4      | Learned a level 4 spell: Ice Form
  4118 | D:4      | Reached XP level 8. HP: 59/59 MP: 4/11
  4476 | D:4      | Found a glowing golden altar of the Shining One.
  4567 | D:4      | Noticed Ijyb
  4569 | D:4      | Noticed Edmund
  4573 | D:4      | Killed Ijyb
  4573 | D:4      | Reached skill level 1 in Ice Magic
  4573 | D:4      | Reached skill level 1 in Poison Magic
  4589 | D:4      | Killed Edmund
  4862 | D:5      | Entered Level 5 of the Dungeon
  5419 | D:5      | Found Olafo's Elemental Accessories.
  5622 | D:5      | Found a staircase to the Ecumenical Temple.
  5633 | Temple   | Entered the Ecumenical Temple
  5699 | Temple   | Became a worshipper of Warmaster Okawaru
  5956 | D:6      | Reached skill level 1 in Invocations
  5973 | D:6      | Reached skill level 8 in Unarmed Combat
  5973 | D:6      | Reached skill level 1 in Evocations
  6282 | D:6      | Reached * piety under Okawaru
  6294 | D:6      | Reached XP level 9. HP: 11/64 MP: 12/15
  6307 | D:6      | HP: 2/64 [gnoll/spear (7)]
  6309 | D:6      | Slain by a gnoll

Vault maps used:
D:1:      ncdulo_watergridlock, minmay_unequal
D:2:      kennysheep_decorative_pillar, nicolae_ru_path_of_blood,
          uniq_crazy_yiuf_cottage, uniq_sigmund
D:3:      first_bread, minmay_misc_feat_plants
D:4:      tso_altar, uniq_pikel, uniq_edmund, uniq_ijyb
D:5:      minmay_temple_entry_statues_pillars, nicolae_elemental_shop
D:6:      overflow_temple_1_default
Temple:   eino_temple_scatter_basement

Skill      XL: |  1  2  3  4  5  6  7  8 |
---------------+-------------------------+-----
Transmutations | 4 6 7 |  7.0
Unarmed Combat | 5 7 8 |  8.1
Ice Magic      | 2 |  2.0
Poison Magic   | 2 |  2.0
Spellcasting   | 4 |  4.0
Invocations    | 2 |  2.0
Evocations     | 1 |  1.7
Fighting       | |  1.1
Dodging        | |  1.7

Action                   |  1- 3 |  4- 6 |  7- 9 || total
-------------------------+-------+-------+-------++-------
Melee: Unarmed           |   160 |   137 |   173 ||   470
       Tailslap          |    19 |     7 |    21 ||    47
       Punch             |     2 |     1 |     3 ||     6
       Kick              |     2 |       |       ||     2
       Headbutt          |       |     2 |       ||     2
 Cast: Beastly Appendage |     2 |     2 |       ||     4
       Spider Form       |     3 |     5 |     8 ||    16
       Sticks to Snakes  |       |     2 |     2 ||     4
 Abil: Breathe Lightning |       |       |     3 ||     3
       End Transformatio |       |       |     1 ||     1
  Use: Potion            |     1 |       |     4 ||     5
       Scroll            |       |       |    11 ||    11
 Stab: Sleeping          |       |     1 |       ||     1
  Eat: Chunk             |     1 |     4 |    10 ||    15
       Bread ration      |     1 |       |       ||     1
Armor: Skin              |    52 |    41 |    65 ||   158
Dodge: Dodged            |   144 |   106 |   161 ||   411

Table legend:
 A = Spawn XP
 B = Non-spawn XP
 C = Spawn XP percentage of total XP
 D = Spawn monster count
 E = Non-spawn monster count
 F = Spawn count percentage of total count
 G = Total turns spent on level
                    A         B        C        D         E        F      G
               +---------+---------+-------+---------+---------+-------+---------
         Total |       0 |    2818 |   0.0 |       0 |     125 |   0.0 |  6309
               +---------+---------+-------+---------+---------+-------+---------
           D:1 |       0 |      42 |   0.0 |       0 |      25 |   0.0 |  1341
           D:2 |       0 |     394 |   0.0 |       0 |      26 |   0.0 |  1155
           D:3 |       0 |     216 |   0.0 |       0 |      26 |   0.0 |  1126
           D:4 |       0 |    1047 |   0.0 |       0 |      13 |   0.0 |  1240
           D:5 |       0 |     448 |   0.0 |       0 |      18 |   0.0 |   931
           D:6 |       0 |     671 |   0.0 |       0 |      17 |   0.0 |   440
               +---------+---------+-------+---------+---------+-------+---------
